 Dungeon Crawl Stone Soup version 0.30.0-5-g1a98f26d00 (webtiles) character file.

Game seed: 15241054635448065755

1407 MacCMillion the Frost Mage (level 8, 54/54 HPs)
             Began as a Merfolk Ice Elementalist on May 11, 2023.
             Was a Follower of Sif Muna.
             Quit the game on level 5 of the Dungeon on May 12, 2023.
             The game lasted 00:16:58 (7244 turns).

MacCMillion the Frost Mage (MfIE)                   Turns: 7244, Time: 00:16:58

Health: 54/54      AC:  4    Str:  9    XL:     8   Next: 70%
Magic:  13/13      EV: 13    Int: 16    God:    Sif Muna [*.....]
Gold:   255        SH:  0    Dex: 14    Spells: 2/13 levels left

rFire   . . .        o - +2 short sword (freeze)
rCold   . . .        (no shield)
rNeg    . . .        a - +0 robe
rPois   .            (no helmet)
rElec   .            (no cloak)
rCorr   .            u - +1 pair of gloves
SInv    .            (no boots)
Will    .....        f - amulet of regeneration
Stlth   ++           (no ring)
HPRegen 1.09/turn    (no ring)
MPRegen 0.13/turn

%: no passive effects
@: no status effects
A: (nimble swimmer 2), mertail
a: Renounce Religion, Channel Magic


You were on level 5 of the Dungeon.
You worshipped Sif Muna.
Sif Muna was aware of your devotion.
You visited 2 branches of the dungeon, and saw 6 of its levels.
You also visited: Ossuary.

You collected 255 gold pieces.

Inventory:

Hand Weapons
 o - a +2 short sword of freezing (weapon)
Missiles
 j - 6 poisoned darts
Armour
 a - a +0 robe (worn)
 u - a +1 pair of gloves (worn)
Jewellery
 f - an amulet of regeneration (around neck)
 v - an amulet of guardian spirit
Wands
 g - a wand of polymorph (13)
Scrolls
 c - 2 scrolls of immolation {unknown}
 d - 7 scrolls of identify {unknown}
 e - 2 scrolls of noise {unknown}
 l - a scroll of amnesia {unknown}
 m - a scroll of enchant weapon {unknown}
 n - 3 scrolls of fear {unknown}
 q - a scroll of fog {unknown}
 r - a scroll of enchant armour {unknown}
 s - 3 scrolls of teleportation {unknown}
 y - 2 scrolls of torment {unknown}
 B - 2 scrolls of blinking {unknown}
Potions
 b - 2 potions of magic
 h - 2 potions of cancellation {unknown}
 i - 3 potions of brilliance {unknown}
 k - 5 potions of curing {unknown}
 p - a potion of ambrosia {unknown}
 t - 2 potions of heal wounds {unknown}
 w - 3 potions of attraction {unknown}
 x - a potion of lignification {unknown}
 z - 2 potions of might {unknown}
 A - 2 potions of degeneration {unknown}


   Skills:
 + Level 1.2 Fighting
 + Level 3.3 Dodging
 - Level 2.2 Stealth
 - Level 3.3 Spellcasting
 - Level 5.0 Summonings
 + Level 10.0 Ice Magic


You had 2 spell levels left.
You knew the following spells:

 Your Spells              Type           Power      Damage    Failure   Level
a - Freeze                Ice            100%       1d10      1%          1
b - Frozen Ramparts       Ice            68%        1d11      1%          3
c - Ozocubu's Armour      Ice            34%        N/A       1%          3
d - Summon Ice Beast      Ice/Summ       26%        N/A       9%          4

Your spell library contained the following spells:

 Spells                   Type           Power      Damage    Failure   Level
 Sublimation of Blood     Necr           2%         N/A       26%         2
 Inner Flame              Hex/Fire       2%         N/A       47%         3
 Tukima's Dance           Hex            2%         N/A       47%         3
 Cause Fear               Hex            1%         N/A       87%         4
 Flame Wave               Conj/Fire      2%         2d4       87%         4
 Passage of Golubria      Tloc           2%         N/A       87%         4
 Petrify                  Tmut/Erth      2%         N/A       87%         4
 Sticky Flame             Conj/Fire      2%         2d3       87%         4
 Irradiate                Conj/Tmut      1%         3d12      99%         5
 Yara's Violent Unravell  Hex/Tmut       1%         3d3       99%         5
 Dragon Form              Tmut           1%         N/A       100%        7
 Dragon's Call            Summ           9%         N/A       100%        9


Dungeon Overview and Level Annotations

Branches:
Dungeon (5/15)             Temple (1/1) D:4         Ossuary (visited)

Altars:
Ashenzari
Dithmenos
Elyvilon
Gozag
Kikubaaqudgha
Makhleb
Nemelex Xobeh
Okawaru
Qazlal
Ru
Sif Muna
Uskayaw
Vehumet
Wu Jian
Yredelemnul
The Shining One

Shops:
D:5 :

Annotations:
D:2 Sigmund
D:4 1 runed translucent door, Crazy Yiuf


Innate Abilities, Weirdness & Mutations

((You are very nimble when in or above water. (Stealth+, EV+, Speed+++)))
Your lower body shifts to a powerful aquatic tail in water.


Message History

The gnoll closely misses your ice beast.
The adder bites your ice beast but does no damage.
Your ice beast hits the adder.
The adder dies!
Sif Muna accepts your kill.
The gnoll hits your ice beast with a +0 whip.
Your ice beast hits the gnoll.
Your ice beast freezes the gnoll!
The gnoll dies!
Sif Muna accepts your kill.
You start resting.
The frozen ramparts melt away.
You start resting.
Your ice beast disappears in a puff of smoke!
Your icy armour starts to melt.
You start resting.
Your icy armour evaporates.
Magic restored.
A - 2 clear potions (gained 1)
e - 2 scrolls labelled TEF VESYKU (gained 1)
You now have 233 gold pieces (gained 7).
You see here a +0 whip.
t - 2 brown potions (gained 1)
You now have 238 gold pieces (gained 5).
Things that are here:
a +0 club; a +0 flail
d - 7 scrolls labelled DYLAEMN ITHUPU (gained 1)
You now have 255 gold pieces (gained 17).
Things that are here:
a +0 spear; a gnoll corpse
Found 5 stones.
Found a leather armour.
You see here a +0 leather armour.
B - 2 scrolls labelled JYSIMIEDAN (gained 1)
Found Beat's Book Shop.
There is an entrance to Beat's Book Shop here.
There is an open door here.
A jelly comes into view.
A jelly is nearby!
A jelly is nearby!
Are you sure you want to abandon this character and quit the game? (Confirm with "yes".)

#..............# #.# ..
#..............###.# ...
#...##.............#
....#...########.#######
....#.........##........
..............##########
..............#
J.............##########
.......@......'.........
##...###......##########
#. #......# ########


You could see a jelly (asleep).

Vanquished Creatures
  A phantom (D:5)
  4 elf zombies (Ossuary)
  A scorpion (D:5)
  A wight (D:5)
  A howler monkey (D:5)
  5 human zombies (Ossuary)
  3 centaur zombies (Ossuary)
  An orc priest (D:4)
  A hound (D:4)
  A jelly (D:5)
  Jessica (D:2)
  Ijyb (D:3)
  An orc wizard (D:4)
  3 mummies (Ossuary)
  Robin (D:2)
  6 adders
  A white imp (D:5)
  3 worms
  3 dart slugs
  3 orcs (D:4)
  5 endoplasms
  2 giant cockroaches
  13 goblins
  13 hobgoblins
  8 jackals
  8 ball pythons
  3 bats
  5 frilled lizards (D:1)
  8 kobolds
  4 rats
111 creatures vanquished.

Vanquished Creatures (collateral kills)
  A phantom (D:5)
  2 wights
  2 hounds
  2 adders
  4 gnolls (D:5)
  An orc (D:4)
  A hobgoblin (D:4)
13 creatures vanquished.

Grand Total: 124 creatures vanquished

Notes
Turn   | Place    | Note
-------+----------+-------------------------------------------
     0 | D:1      | MacCMillion the Merfolk Ice Elementalist began the quest
                  | for the Orb.
     0 | D:1      | Reached XP level 1. HP: 13/13 MP: 3/3
   242 | D:1      | Reached XP level 2. HP: 17/19 MP: 3/5
   357 | D:1      | Reached skill level 5 in Ice Magic
   725 | D:1      | Reached XP level 3. HP: 23/24 MP: 2/6
  1510 | D:2      | Noticed Jessica
  1519 | D:2      | Killed Jessica
  1520 | D:2      | Reached skill level 6 in Ice Magic
  1520 | D:2      | Reached XP level 4. HP: 9/30 MP: 2/7
  1753 | D:2      | Noticed Robin
  1815 | D:1      | Learned a level 3 spell: Frozen Ramparts
  1819 | D:1      | Learned a level 3 spell: Ozocubu's Armour
  2386 | D:2      | Killed Robin
  2387 | D:2      | Reached XP level 5. HP: 35/35 MP: 3/8
  2669 | D:2      | Noticed Sigmund
  2757 | D:3      | Found a faded altar of an unknown god.
  2806 | D:3      | Noticed Ijyb
  3542 | D:3      | Killed Ijyb
  4085 | D:4      | Found a sand-covered staircase.
  4090 | Ossuary  | Entered an ossuary
  4224 | Ossuary  | Reached XP level 6. HP: 41/41 MP: 5/10
  4287 | Ossuary  | Reached skill level 7 in Ice Magic
  4322 | Ossuary  | Learned a level 4 spell: Summon Ice Beast
  4335 | Ossuary  | Reached skill level 1 in Summonings
  4473 | Ossuary  | Reached XP level 7. HP: 46/46 MP: 9/12
  4817 | D:4      | Reached skill level 5 in Summonings
  4845 | D:4      | Found a staircase to the Ecumenical Temple.
  4858 | Temple   | Entered the Ecumenical Temple
  5004 | Temple   | Became a worshipper of Sif Muna the Loreminder
  5216 | D:4      | Reached skill level 8 in Ice Magic
  5396 | D:4      | Reached XP level 8. HP: 52/52 MP: 8/13
  5912 | D:4      | Found a runed translucent door.
  5913 | D:4      | Noticed Crazy Yiuf
  5979 | D:5      | Entered Level 5 of the Dungeon
  6259 | D:5      | Reached skill level 9 in Ice Magic
  6701 | D:5      | Reached skill level 10 in Ice Magic
  6862 | D:5      | Reached skill level 1 in Fighting
  6869 | D:5      | Reached * piety under Sif Muna
  7113 | D:5      | Found Beat's Book Shop.
  7244 | D:5      | Quit the game

Illustrated notes

Levels and vault maps discovered:
D:1:      sevenhm_arrival_forest_fort_large_4, layout_loops_ring,
          grunt_decor_junction
D:2:      layout_basic, dreamdust_princess_corridor, uniq_robin, uniq_sigmund,
          uniq_jessica
D:3:      layout_basic, basic_ecumenical_altar, uniq_ijyb
D:4:      layout_loops_ring, minmay_temple_entry_ruins,
          nicolae_ossuary_entry_ruins, uniq_crazy_yiuf_cottage
D:5:      layout_basic, serial_shops, nicolae_book_shop_shelving
Temple:   nicolae_temple_bog_church

Skill      XL: |  1  2  3  4  5  6  7  8 |
---------------+-------------------------+-----
Ice Magic      | 5 6 7 8 10 | 10.0
Spellcasting   | 3 |  3.3
Summonings     | 3 5 |  5.0
Dodging        | 3 |  3.3
Fighting       | 1 |  1.2
Stealth        | |  2.2

Action                     |  1- 3 |  4- 6 |  7- 9 || total
---------------------------+-------+-------+-------++-------
  Melee: Unarmed           |     2 |     1 |       ||     3
         Dagger            |    13 |     7 |       ||    20
         Short sword       |       |   137 |   221 ||   358
         Punch             |       |     7 |     6 ||    13
   Cast: Freeze            |    49 |    24 |     4 ||    77
         Frozen Ramparts   |       |    19 |    13 ||    32
         Ozocubu's Armour  |       |     6 |    13 ||    19
         Summon Ice Beast  |       |       |    15 ||    15
   Stab: Sleeping          |     3 |     3 |       ||     6
 Armour: Robe              |     8 |    53 |    81 ||   142
  Dodge: Dodged            |    45 |    69 |   105 ||   219
